 Dungeon Crawl Stone Soup version 0.22-a0-596-gfbd32a6 (webtiles) character file.

1067 iamserjio the Chopper (level 8, -2/63 HPs)
             Began as a Demonspawn Berserker on July 5, 2018.
             Was a Priest of Trog.
             Succumbed to an ogre zombie's poison
             ... on level 6 of the Dungeon.
             The game lasted 00:07:25 (996 turns).

iamserjio the Chopper (Demonspawn Berserker)         Turns: 996, Time: 00:07:25

Health: -2/63      AC: 11    Str: 24    XL:     8   Next: 7%
Magic:  8/8        EV:  9    Int:  9    God:    Trog [***...]
Gold:   81         SH:  0    Dex: 13    Spells: 7/7 levels left

rFire    . . .     SeeInvis .   k - +0 war axe
rCold    . . .     Gourm    .   (no shield)
rNeg     . . .     Faith    .   e - +0 chain mail
rPois    .         Spirit   .   (no helmet)
rElec    .         Reflect  .   (no cloak)
rCorr    .         Harm     .   (no gloves)
MR       ++...                  (no boots)
Stlth    ..........             f - amulet of regeneration
HPRegen  1.60/turn              (no ring)
MPRegen  0.11/turn              (no ring)

@: mighty, lethally poisoned (-2 -> -34), berserk cooldown, regenerating,
slowed, very slow
A: hooves 2, slimy green scales 1, demonic guardian 1
a: Berserk, Trog's Hand, Renounce Religion


You were on level 6 of the Dungeon.
You worshipped Trog.
Trog was most pleased with you.
You were near starving.

You visited 1 branch of the dungeon, and saw 6 of its levels.

You collected 81 gold pieces.

Inventory:

Hand Weapons
 a - a +0 hand axe
 k - a +0 war axe (weapon)
Armour
 b - a +0 animal skin
 e - a +0 chain mail (worn)
 l - a +0 plate armour
 r - a +0 scale mail
 t - a +0 leather armour of cold resistance
Jewellery
 f - an amulet of regeneration (around neck)
Scrolls
 g - a scroll of magic mapping {unknown}
 h - 3 scrolls of identify {unknown}
 m - a scroll of enchant weapon {unknown}
 p - a scroll of teleportation {unknown}
Potions
 i - a potion of brilliance {unknown}
 j - a potion of curing {unknown}
 n - a potion of lignification {unknown}
 o - a potion of degeneration {unknown}
 q - a potion of heal wounds {unknown}
 u - a potion of resistance
Comestibles
 c - 2 rations
 d - 3 chunks of flesh


   Skills:
 + Level 5.5 Fighting
 * Level 6.6 Axes
 + Level 4.5 Armour
 - Level 2.0 Dodging


You had 7 spell levels left.
You didn't know any spells.
Your spell library contained the following spells:

 Spells                   Type           Power        Failure   Level  Hunger
 Lightning Bolt           Conj/Air       #.........   100%        5    ######.
 Shock                    Conj/Air       #...         96%         1    ##.....
 Swiftness                Chrm/Air       #.......     99%         2    ###....
 Airstrike                Air            #.........   100%        4    #####..
 Static Discharge         Conj/Air       #.......     100%        3    ####...


Dungeon Overview and Level Annotations

Branches:
Dungeon (6/15)
 Temple: D:4-7

Altars:
Fedhas
Qazlal

Annotations:
D:4 2 runed doors, inc's ghost, amateur OpFE
D:6 1 transporter


Innate Abilities, Weirdness & Mutations

You have hoof-like feet.
You are partially covered in slimy green scales. (AC +2)
A weak demonic guardian rushes to your aid.


Message History

You feel very sick.
You are engulfed in poison gas.
You are more poisoned.
* * * LOW HITPOINT WARNING * * *
x2 You feel very sick.
You feel your anger nearly subside.
You are no longer berserk.
You are exhausted.
You feel yourself slow down.
* * * LOW HITPOINT WARNING * * *
You feel very sick.
Your skin crawls.
You feel resistant to hostile enchantments.
You are near starving!
* * * LOW HITPOINT WARNING * * *
You feel extremely sick.
The ogre zombie hits you but does no damage.
You are more poisoned.
It was a potion of might.
You feel very mighty all of a sudden.
You die...

#. #... ##### #.# #.##
##...###.#######.##
#....##.[.........#
##.©........#####...
###########...# ##.#
#§§§!©?§§§#.#.######.#
#§§§$:$§§§#......)....
#§§§Z@.§§.#.#.######.#
#§§§§§§§§§#.#.# #.#
#§§§§§§§§§#.#.# #.#
####§§§####.#.. ..#
#.§...§§##.### ###
#§§#.#§§#....#
#§§...§§#.>))#######
#§§#©#§§#....)......
#§§.§§§§#....#######


You could see an ogre zombie.

Vanquished Creatures
  Sigmund (D:3)
  Menkaure (D:4)
  An orc warrior (D:4)
  A sky beast (D:5)
  2 ogres (D:5)
  2 orc priests
  A centaur skeleton (D:5)
  A gnoll shaman (D:5)
  2 orc wizards (D:4)
  2 iguanas (D:5)
  An ogre zombie (D:6)
  7 gnolls
  An adder (D:3)
  An orc zombie (D:6)
  A shadow imp (D:5)
  An ooze (D:2)
  2 adder skeletons (D:4)
  A worm (D:4)
  A dart slug (D:1)
  14 orcs
  3 bats
  2 goblins (D:1)
  3 hobgoblins (D:1)
  8 jackals
  A quokka (D:4)
  4 frilled lizards
  3 kobolds (D:1)
  2 rats
70 creatures vanquished.

Vanquished Creatures (collateral kills)
  A centaur (D:5)
  An adder (D:5)
2 creatures vanquished.

Grand Total: 72 creatures vanquished

Notes
Turn   | Place    | Note
-------+----------+-------------------------------------------
     0 | D:1      | iamserjio the Demonspawn Berserker began the quest for the Orb.
     0 | D:1      | Reached XP level 1. HP: 18/18 MP: 1/1
   132 | D:1      | Gained mutation: You are partially covered in slimy green scales. (AC +2) [demonic ancestry]
   132 | D:1      | Reached XP level 2. HP: 18/24 MP: 2/2
   182 | D:1      | Reached skill level 3 in Axes
   252 | D:1      | You fall through a shaft!
   281 | D:3      | Reached XP level 3. HP: 29/29 MP: 3/3
   281 | D:3      | Noticed Sigmund
   291 | D:3      | Killed Sigmund
   291 | D:3      | Reached skill level 4 in Axes
   291 | D:3      | Reached XP level 4. HP: 37/37 MP: 4/4
   291 | D:3      | Gained mutation: A weak demonic guardian rushes to your aid. [demonic ancestry]
   291 | D:3      | Reached XP level 5. HP: 42/42 MP: 5/5
   338 | D:4      | Found a large runed door.
   338 | D:4      | Found a large runed door.
   339 | D:4      | Noticed inc's ghost (amateur OpFE)
   377 | D:4      | Reached ** piety under Trog
   427 | D:4      | Noticed an orc warrior
   436 | D:4      | Gained mutation: You have large cloven feet. [demonic ancestry]
   436 | D:4      | Reached XP level 6. HP: 48/48 MP: 6/6
   442 | D:4      | Killed an orc warrior
   442 | D:4      | Reached skill level 5 in Axes
   519 | D:5      | Entered Level 5 of the Dungeon
   573 | D:4      | Gained mutation: You have hoof-like feet. [demonic ancestry]
   573 | D:4      | Reached XP level 7. HP: 50/55 MP: 7/7
   590 | D:4      | Noticed Menkaure
   593 | D:4      | Killed Menkaure
   683 | D:5      | Found a stormy altar of Qazlal.
   713 | D:5      | Reached skill level 5 in Fighting
   786 | D:5      | Reached *** piety under Trog
   786 | D:5      | Reached skill level 6 in Axes
   861 | D:5      | Reached XP level 8. HP: 63/63 MP: 8/8
   919 | D:5      | Found a blossoming altar of Fedhas.
   973 | D:6      | Found a transporter.
   985 | D:6      | Found a transporter.
   996 | D:6      | Succumbed to an ogre zombie's poison

Vault maps used:
D:1:      saegor_arrival_simple_c
D:2:      first_ration, kennysheep_flooded_box
D:3:      uniq_sigmund, uniq_natasha
D:4:      ebering_ghost_disaster_area, minmay_tree_intersection, uniq_menkaure
D:5:      lemuel_upstairs_altar, lemuel_doored_altar,
          minmay_temple_entry_nine_rooms, hangedman_abyss_or_decor_passed
D:6:      gammafunk_cloud_chamber

Skill      XL: |  1  2  3  4  5  6  7 |
---------------+----------------------+-----
Dodging        | 2 |  2.0
Armour         | 2 3 4 |  4.5
Axes           | 3 4 5 6 |  6.6
Fighting       | 4 5 |  5.5

Action                   |  1- 3 |  4- 6 |  7- 9 || total
-------------------------+-------+-------+-------++-------
Melee: Hand axe          |    58 |    41 |       ||    99
       War axe           |       |    16 |    83 ||    99
       Kick              |       |    11 |    27 ||    38
Invok: Berserk           |     1 |     3 |     4 ||     8
       Trog's Hand       |       |       |     1 ||     1
  Use: Potion            |       |       |     1 ||     1
 Stab: Distracted        |       |     1 |       ||     1
  Eat: Chunk             |       |     3 |     4 ||     7
Armor: Chain mail        |    43 |    35 |    45 ||   123
       Animal skin       |     2 |       |       ||     2
Dodge: Dodged            |    42 |    22 |    38 ||   102

Table legend:
 A = Spawn XP
 B = Non-spawn XP
 C = Spawn XP percentage of total XP
 D = Spawn monster count
 E = Non-spawn monster count
 F = Spawn count percentage of total count
 G = Total turns spent on level
                    A         B        C        D         E        F      G
               +---------+---------+-------+---------+---------+-------+---------
         Total |       0 |    1525 |   0.0 |       0 |      72 |   0.0 |   996
               +---------+---------+-------+---------+---------+-------+---------
           D:1 |       0 |      26 |   0.0 |       0 |      15 |   0.0 |   252
           D:2 |       0 |       9 |   0.0 |       0 |       2 |   0.0 |    20
           D:3 |       0 |     261 |   0.0 |       0 |       6 |   0.0 |    80
           D:4 |       0 |     477 |   0.0 |       0 |      16 |   0.0 |   253
           D:5 |       0 |     661 |   0.0 |       0 |      24 |   0.0 |   291
           D:6 |       0 |      91 |   0.0 |       0 |       9 |   0.0 |   100
               +---------+---------+-------+---------+---------+-------+---------
